Map: Fields of Death

Players

crevetteshow

  • Race: Protoss Protoss
  • League: Diamond
  • Spawn Location: 6:00

Maxpeigne

  • Race: Terran Terran
  • League: Diamond
  • Spawn Location: 7:00

Musumeci

  • Race: Zerg Zerg
  • League: Diamond
  • Spawn Location: 12:00

MichyMoko

  • Race: Zerg Zerg
  • Spawn Location: 12:00

VOD

Have the link to the VOD?

Description

Time

  • Played on: March 11, 2017, 11:21 a.m.
  • Length: 13:39
Show
View Real Time Build Order
Export as new Build Order

crevetteshow Protoss 

Build Orders: Oracle Opening, Dark Templar Rush 

Get SALT Encoding   

  12  0:01  Probe (Chrono Boost)  
  13  0:13  Pylon  
  13  0:17  Probe (Chrono Boost)  
  14  0:28  Probe (Chrono Boost)  
  15  0:33  Gateway  
  15  0:41  Assimilator  
  15  0:43  Probe (Chrono Boost)  
  16  0:54  Probe (Chrono Boost)  
  17  1:00  Pylon  
  17  1:04  Probe (Chrono Boost)  
  18  1:12  Assimilator  
  18  1:15  Probe (Chrono Boost)  
  19  1:20  Cybernetics Core  
  19  1:25  Zealot  
  21  1:29  Probe (Chrono Boost)  
  23  1:40  Probe (Chrono Boost)  
  23  1:50  Probe (Chrono Boost)  
  24  1:57  Stargate  
  24  1:58  Stalker  
  24  2:06  Probe (Chrono Boost)  
  27  2:14  Warp Gate  
  28  2:24  Probe (Chrono Boost)  
  28  2:35  Oracle  
  31  2:49  Pylon  
  31  3:04  Nexus  
  29  3:21  Twilight Council  
  29  3:30  Probe (Chrono Boost)  
  29  3:34  Oracle  
  30  3:36  Pylon  
  30  3:40  Probe (Chrono Boost)  
  34  3:55  Probe (Chrono Boost)  
  35  3:58  Dark Shrine  
  35  4:01  Gateway  
  35  4:06  Probe (Chrono Boost)  
  34  4:16  Probe (Chrono Boost)  
  35  4:18  Probe (Chrono Boost)  
  36  4:27  Probe (Chrono Boost)  
  36  4:29  Charge  
  37  4:32  Probe (Chrono Boost)  
  37  4:36  Assimilator  
  38  4:40  Assimilator  
  36  4:53  Probe x2 (Chrono Boost)  
  37  5:00  Stargate  
  37  5:03  Probe (Chrono Boost)  
  37  5:04  Probe (Chrono Boost)  
  39  5:14  Probe (Chrono Boost)  
  40  5:15  Dark Templar x2  
  40  5:17  Probe (Chrono Boost)  
  40  5:19  Gateway  
  45  5:24  Pylon, Probe (Chrono Boost)  
  45  5:27  Probe (Chrono Boost)  
  47  5:36  Oracle  
  50  5:44  Probe (Chrono Boost)  
  50  5:49  Pylon, Probe (Chrono Boost)  
  52  5:50  Stargate  
  52  6:03  Probe (Chrono Boost)  
  53  6:08  Probe (Chrono Boost)  
  54  6:11  Oracle  
  57  6:24  Probe (Chrono Boost)  
  57  6:25  Probe (Chrono Boost)  
  59  6:29  Nexus  
  59  6:33  Pylon  
  59  6:37  Forge  
  59  6:39  Gateway  
  60  6:40  Gateway, Forge, Probe (Chrono Boost)  
  60  6:47  Pylon  
  60  6:49  Oracle x2  
  66  7:06  Zealot x3  
  72  7:20  Oracle x2  
  72  7:27  Zealot x3  
  84  7:32  Assimilator  
  84  7:37  Pylon  
  84  7:40  Protoss Ground Weapons Level 1  
  84  7:41  Protoss Ground Armor Level 1  
  84  7:44  Stargate  
  84  7:47  Pylon  
  84  7:51  Pylon  
  84  7:56  Probe (Chrono Boost)  
  84  7:57  Probe x2 (Chrono Boost)  
  87  8:00  Photon Cannon  
  87  8:11  Probe x2 (Chrono Boost)  
  87  8:12  Gateway  
  89  8:14  Gateway, Probe (Chrono Boost)  
  90  8:21  Probe (Chrono Boost)  
  90  8:24  Zealot x3  
  97  8:28  Probe (Chrono Boost)  
  97  8:31  Photon Cannon  
  97  8:33  Probe (Chrono Boost)  
  100  8:41  Probe (Chrono Boost)  
  100  8:43  Oracle, Probe (Chrono Boost)  
  100  8:44  Oracle, Probe (Chrono Boost)  
  108  8:55  Templar Archives  
  108  9:02  Oracle  
  111  9:17  Zealot x3, Pylon  
  111  9:18  Oracle  
  111  9:19  Oracle  
  123  9:36  Nexus  
  123  9:37  Oracle  
  126  9:53  Stalker  
  126  9:54  Stalker x2  
  126  9:59  Pylon  
  132  10:01  Pylon  
  132  10:03  Pylon  
  132  10:04  Pylon  
  126  10:16  Phoenix x3  
  129  10:25  Stalker x6  
  129  10:26  Stalker  
  143  10:36  Pylon  
  143  10:40  Protoss Ground Weapons Level 2  
  143  10:41  Phoenix, Pylon  
  145  10:49  Assimilator  
  145  10:50  Probe (Chrono Boost)  
  145  10:51  Probe x2 (Chrono Boost)  
  145  10:54  Pylon, Assimilator x2  
  148  10:58  Photon Cannon  
  148  11:01  Probe (Chrono Boost)  
  149  11:06  High Templar x3  
  149  11:07  High Templar  
  149  11:10  Archon x2  
  157  11:19  Phoenix  
  159  11:30  Phoenix x2  
  163  11:46  Zealot x5  
  173  11:51  Oracle  
  176  11:55  Oracle  
  179  12:01  Zealot  
  179  12:02  Zealot  
  183  12:11  Stalker x5  
  193  12:18  Pylon  
  193  12:27  Zealot x2  
  197  12:35  Stalker  
  140  13:08  Stalker x3  
  140  13:09  Stalker x4  
  117  13:33  Stalker x4  
  117  13:34  Stalker x3  
Show
View Real Time Build Order
Export as new Build Order

Maxpeigne Terran 

Build Orders: Bio Tank 

Get SALT Encoding   

  12  0:01  SCV  
  13  0:13  SCV  
  14  0:19  Supply Depot  
  14  0:25  SCV  
  15  0:34  Refinery  
  15  0:40  SCV  
  16  0:45  Barracks  
  16  0:53  SCV  
  17  1:05  SCV  
  18  1:17  SCV  
  19  1:31  Orbital Command  
  19  1:35  Factory  
  19  1:53  Supply Depot  
  19  1:59  SCV  
  20  2:02  Barracks Reactor  
  20  2:17  Supply Depot  
  20  2:27  SCV  
  20  2:28  Hellion  
  23  2:43  Command Center  
  22  2:57  SCV  
  23  3:00  Refinery  
  23  3:02  Hellion x2  
  27  3:13  Barracks Tech Lab  
  27  3:17  Barracks  
  27  3:19  Engineering Bay  
  27  3:31  Hellion x2  
  31  3:36  Armory  
  31  3:48  SCV  
  32  3:50  Supply Depot  
  32  4:06  SCV  
  32  4:08  Factory Tech Lab  
  33  4:11  Starport  
  33  4:23  Orbital Command, SCV  
  26  5:02  Siege Tank  
  27  5:07  Medivac x2  
  27  5:10  Stimpack  
  27  5:11  Barracks  
  31  5:15  Refinery  
  31  5:17  Barracks Reactor  
  31  5:18  SCV  
  31  5:19  Marauder  
  31  5:20  SCV  
  35  5:23  Terran Vehicle Weapons Level 1  
  35  5:35  Engineering Bay  
  35  5:37  SCV  
  35  5:42  Siege Tank  
  39  5:43  Marine  
  39  5:48  SCV, Barracks  
  39  5:49  SCV  
  42  5:54  Terran Infantry Weapons Level 1  
  42  6:07  Barracks Reactor  
  42  6:12  SCV  
  42  6:13  SCV, Barracks  
  44  6:24  SCV  
  44  6:25  SCV  
  46  6:32  Supply Depot  
  46  6:36  SCV  
  46  6:37  SCV  
  48  6:48  SCV  
  48  6:49  SCV, Terran Infantry Armor Level 1  
  48  6:53  Barracks Reactor  
  50  6:58  Command Center  
  50  7:00  SCV  
  51  7:01  SCV  
  51  7:06  Supply Depot  
  52  7:08  Refinery  
  52  7:09  Marauder  
  52  7:10  Siege Tank  
  52  7:13  SCV x2  
  58  7:22  Liberator  
  58  7:23  Liberator  
  57  7:38  Marine x5  
  57  7:40  SCV x2  
  70  7:52  Siege Tank  
  70  7:53  SCV  
  70  7:55  SCV, Marine  
  70  7:56  Marine x2  
  78  8:05  Liberator  
  78  8:08  Supply Depot  
  78  8:15  SCV, Marine  
  78  8:16  SCV  
  81  8:26  Medivac  
  86  8:29  Siege Tank  
  86  8:31  SCV x2  
  86  8:33  Barracks, Supply Depot  
  91  8:35  Barracks  
  91  8:37  Orbital Command  
  91  8:39  Liberator  
  91  8:47  Marine x2  
  91  8:48  Marauder, Supply Depot  
  95  8:50  SCV x2  
  97  9:01  Supply Depot  
  97  9:02  SCV x2  
  102  9:14  Missile Turret  
  102  9:17  Missile Turret  
  102  9:23  Barracks Reactor, Barracks Tech Lab x2  
  102  9:26  Combat Shields  
  102  9:29  Refinery, Siege Tank  
  105  9:33  Refinery  
  105  9:38  Supply Depot x2  
  105  9:50  SCV x2  
  107  10:00  Missile Turret  
  107  10:01  Siege Tank  
  107  10:03  Marine x5  
  107  10:04  Marine x4  
  119  10:08  Liberator  
  119  10:11  Supply Depot  
  119  10:13  Supply Depot  
  119  10:21  Marine x3  
  120  10:26  Medivac  
  127  10:29  Terran Vehicle Weapons Level 2  
  127  10:34  Marine  
  127  10:35  Marine x2, Siege Tank  
  133  10:43  Starport  
  133  10:45  Concussive Shells  
  133  10:51  Liberator  
  133  10:55  SCV x3  
  133  10:56  Medivac  
  138  11:07  SCV  
  138  11:08  Marine x4  
  138  11:09  Marine, Siege Tank  
  150  11:15  Supply Depot  
  150  11:17  Supply Depot  
  146  11:25  Medivac  
  146  11:32  Missile Turret x2  
  147  11:48  Starport Reactor  
  147  11:51  Medivac  
  146  12:04  Liberator  
  146  12:14  Marine x3  
  146  12:15  Siege Tank  
  152  12:16  Medivac  
  157  12:46  Medivac  
  157  12:47  Siege Tank  
  162  13:04  Marine, Medivac  
  162  13:05  Marine x3  
  168  13:06  Medivac  
Show
View Real Time Build Order
Export as new Build Order

Musumeci Zerg 

Build Orders: Hatch First 

Get SALT Encoding   

  12  0:01  Drone  
  13  0:08  Drone  
  14  0:16  Extractor  
  14  0:17  Drone  
  15  0:41  Hatchery  
  14  0:46  Extractor  
  14  0:47  Drone  
  15  1:01  Spawning Pool  
  14  1:05  Extractor  
  14  1:07  Drone  
  14  1:15  Extractor  
  14  1:16  Drone  
  15  1:26  Overlord  
  15  1:45  Drone x3  
  18  1:48  Queen  
  20  2:02  Queen  
  20  2:05  Drone  
  23  2:09  Drone  
  23  2:12  Drone  
  25  2:17  Drone  
  26  2:23  Metabolic Boost  
  26  2:30  Zergling x2  
  27  2:48  Spore Crawler  
  27  2:50  Overlord, Spore Crawler  
  25  3:13  Lair, Extractor  
  25  3:15  Drone x6  
  30  3:45  Zergling x2  
  30  3:46  Zergling x10  
  31  4:30  Zergling x8  
  35  4:40  Extractor  
  32  4:55  Hydralisk Den  
  32  4:56  Drone x4  
  32  4:57  Overlord x3  
  34  5:04  Drone x2  
  34  5:05  Overlord x4  
  36  5:09  Extractor  
  35  5:21  Evolution Chamber, Zergling x4  
  36  5:29  Hatchery  
  36  5:32  Drone  
  36  5:33  Drone x4  
  36  5:34  Drone x2  
  42  5:40  Overseer x2  
  43  5:47  Hydralisk x2  
  42  6:06  Hydralisk  
  42  6:07  Hydralisk x5  
  54  6:19  Extractor  
  53  6:29  Zergling x2  
  53  6:30  Zergling x6  
  57  6:44  Drone x3  
  60  6:58  Hatchery  
  59  7:09  Hydralisk x6  
  67  7:35  Spire  
  67  7:36  Drone x6  
  72  8:25  Drone  
  72  8:26  Drone x14  
  87  8:44  Extractor  
  87  8:45  Extractor  
  87  8:47  Drone x3  
  88  8:49  Overlord  
  88  9:06  Mutalisk x8  
  88  9:07  Mutalisk  
  106  9:14  Overlord x3  
  106  9:17  Zerg Flyer Weapons Level 1  
  106  9:31  Queen  
  108  10:25  Corruptor  
  108  10:26  Corruptor x10  
  130  10:42  Overlord x2  
  130  10:43  Overlord x3  
  130  11:00  Queen  
  130  11:02  Infestation Pit  
  131  11:11  Overlord x3, Hydralisk  
  131  11:12  Hydralisk x7  
  139  11:53  Corruptor  
  139  11:54  Corruptor x10  
  151  12:37  Hatchery, Extractor  
  151  12:39  Extractor  
  148  12:49  Hatchery  
  145  13:05  Hydralisk x12  
  131  13:06  Hydralisk x9  
Show
View Real Time Build Order
Export as new Build Order

MichyMoko Zerg 

Build Orders: Hatch First 

Get SALT Encoding   

  12  0:01  Drone  
  13  0:13  Overlord  
  13  0:20  Drone  
  14  0:31  Drone x2  
  16  0:36  Drone  
  17  0:58  Hatchery, Drone  
  17  1:13  Spawning Pool  
  17  1:16  Drone  
  17  1:21  Extractor  
  17  1:22  Drone  
  18  1:25  Drone  
  18  1:30  Drone  
  19  1:46  Drone  
  20  1:52  Drone  
  21  2:02  Drone  
  22  2:09  Queen  
  22  2:10  Queen  
  22  2:12  Overlord  
  22  2:14  Zergling x2  
  27  2:25  Metabolic Boost  
  27  2:26  Zergling x2  
  28  2:40  Zergling x2  
  28  2:42  Drone x2  
  30  3:33  Drone x2, Zergling x4  
  34  3:35  Roach Warren, Spore Crawler  
  26  4:00  Spore Crawler  
  25  4:24  Queen  
  25  4:28  Roach x2  
  25  4:29  Roach x2  
  29  4:47  Roach  
  29  4:48  Roach x4  
  29  4:50  Overlord x2  
  29  4:51  Overlord  
  35  5:09  Overlord x3  
  35  5:10  Drone  
  35  5:11  Drone x2  
  38  5:20  Drone  
  39  5:29  Queen  
  39  5:33  Drone  
  39  5:34  Drone x2  
  44  5:49  Lair  
  44  6:26  Drone x2  
  44  6:27  Drone x8  
  54  6:36  Extractor  
  54  6:39  Ravager x3  
  56  6:49  Extractor  
  56  6:51  Glial Reconstitution, Extractor  
  55  6:54  Drone x3  
  55  6:57  Overlord  
  55  7:00  Zergling x4  
  55  7:01  Zergling x6  
  62  7:18  Zergling x14  
  62  7:19  Zergling x2  
  70  7:26  Drone  
  71  7:31  Drone  
  72  7:48  Ravager  
  71  8:06  Overseer  
  71  8:07  Overseer  
  71  8:13  Drone x3  
  71  8:19  Evolution Chamber  
  73  8:20  Evolution Chamber  
  72  8:30  Drone, Overlord  
  72  8:31  Drone x8  
  72  8:32  Drone  
  82  8:44  Hatchery  
  81  8:52  Roach  
  81  8:53  Roach x6  
  95  9:07  Zerg Missile Weapons Level 1  
  95  9:08  Zerg Ground Armor Level 1  
  95  9:29  Roach  
  95  9:30  Roach  
  99  9:34  Overlord x3  
  100  9:41  Extractor  
  100  9:42  Extractor  
  97  10:13  Hatchery  
  98  10:14  Roach, Hydralisk Den  
  98  10:15  Roach x11  
  98  10:16  Roach x2  
  98  10:17  Overlord x2  
  123  10:38  Ravager  
  123  10:39  Ravager x3  
  123  10:40  Ravager x2  
  129  10:56  Hydralisk  
  129  10:57  Hydralisk x4  
  129  11:00  Overlord x3  
  129  11:01  Overlord x2  
  139  11:32  Hydralisk x4, Spore Crawler  
  140  11:33  Hydralisk  
  148  11:47  Hydralisk x3  
  154  11:57  Muscular Augments  
  154  12:04  Drone x2  
  154  12:08  Drone x2  
  157  12:11  Drone  
  125  13:05  Roach  
  84  13:07  Hydralisk x7  
  84  13:08  Hydralisk x3  
  81  13:16  Roach x3  
Tags
 
Add a new tag
Caveats
  • Supply blocks, unpowered buildings, or Contaminate may cause inaccurate times.
  • Supply counts are checked every 10 seconds.